 Dungeon Crawl Stone Soup version 0.18-a0-265-g7d804c3 (webtiles) character file.

10759 Proton the Cleaver (level 11, -2/80 HPs)
             Began as a Formicid Fighter on Nov 26, 2015.
             Was an Elder of Cheibriados.
             Slain by a wolf spider zombie (10 damage)
             ... on level 15 of the Dungeon.
             The game lasted 00:18:16 (11225 turns).

Proton the Cleaver (Formicid Fighter)              Turns: 11225, Time: 00:18:16

Health: -2/80      AC:  7    Str: 34    XL:     11   Next: 98%
Magic:  11/15      EV: 17    Int: 16    God:    Cheibriados [****..]
Gold:   753        SH: 14    Dex: 21    Spells: 0 memorised, 10 levels left

rFire  + . .     SeeInvis +     G - +0 battleaxe
rCold  . . .     Clarity  .     u - +0 ring mail {rF+}
rNeg   . . .     SustAt   .     c - +0 shield
rPois  .         Gourm    .     (helmet unavailable)
rElec  .         Spirit   .     (no cloak)
rCorr  .         Warding  .     q - +0 pair of gloves
rMut   .         Stasis   +     g - +0 pair of boots
MR     +....                    (no amulet)
Stlth  +.........               (no ring)
                                (no ring)

@: lethally poisoned (-2 -> -13), very slow, somewhat resistant to hostile
enchantments, very unstealthy
A: permanent stasis, dig shafts and tunnels, four strong arms, antennae 3, claws
1, agile 1, blurry vision 2, deformed body, frail 1, slow regeneration 1, spit
poison 1, MP-powered wands
a: Dig, Shaft Self, Spit Poison, Bend Time, Temporal Distortion, Slouch,
Renounce Religion


You were on level 15 of the Dungeon.
You worshipped Cheibriados.
Cheibriados was greatly pleased with you.
You were not hungry.

You visited 2 branches of the dungeon, and saw 14 of its levels.

You collected 791 gold pieces.
You spent 38 gold pieces at shops.

Inventory:

Hand Weapons
 G - a +0 battleaxe (weapon)
Armour
 c - a +0 shield (worn)
 g - a +0 pair of boots (worn)
 q - a +0 pair of gloves (worn)
 u - a +0 ring mail of fire resistance (worn)
Jewellery
 n - an uncursed ring of fire
 x - an uncursed amulet of resist mutation
Wands
 F - a wand of disintegration (13)
Scrolls
 b - 2 scrolls of enchant weapon {unknown}
 e - a scroll of brand weapon {unknown}
 f - 3 scrolls of remove curse {unknown}
 l - 4 scrolls of recharging {unknown}
 o - 5 scrolls of enchant armour {unknown}
 p - 2 scrolls of blinking {unknown}
 r - 4 scrolls of amnesia {unknown}
 t - 6 scrolls of teleportation {unknown}
 w - 2 scrolls of immolation {unknown}
 y - 2 scrolls of random uselessness {unknown}
 D - a scroll of torment {unknown}
 E - 2 scrolls of magic mapping
Potions
 d - 2 potions of might
 i - 3 potions of lignification
 k - 2 potions of ambrosia
 m - 3 potions of heal wounds {unknown}
 s - 3 potions of poison {unknown}
 v - 3 potions of curing
 z - a potion of agility
 A - a potion of cancellation
 H - a potion of brilliance
Miscellaneous
 B - a phantom mirror
Comestibles
 h - 4 bread rations
 j - 3 meat rations
 C - 12 fruits


   Skills:
 + Level 9.0 Fighting
 * Level 9.5 Axes
 + Level 8.4 Armour
 + Level 7.1 Dodging
 + Level 9.4 Shields
 + Level 5.6 Invocations


You had 10 spell levels left.
You didn't know any spells.

Dungeon Overview and Level Annotations

Branches:
Dungeon (15/15)            Temple (1/1) D:7            Lair (0/8) D:8
    Orc (0/4) D:11
 Vaults: D:13-14     Depths: D:15

Altars:
Ashenzari
Cheibriados
Dithmenos
Elyvilon
Fedhas
Gozag
Kikubaaqudgha
Makhleb
Nemelex Xobeh
Okawaru
Qazlal
Ru
Sif Muna
Trog
Vehumet
Xom
Yredelemnul
Zin
The Shining One

Shops:
D:5 [   D:6 %   D:7 *

Annotations:
D:13 Sonja


Innate Abilities, Weirdness & Mutations

You are under a permanent stasis effect.
You can dig through walls and to a lower floor.
Your four strong arms can wield two-handed weapons with a shield.
You have a pair of large antennae on your head (SInv).
You have sharp fingernails.
You are agile. (Dex +2)
Scrolls take you longer to read.
Armour fits poorly on your strangely shaped body.
You are frail (-10% HP).
You regenerate slowly when monsters are visible.
You can spit weak poison.
You expend magic power (3 MP) to strengthen your wands.


Message History

You hit the wolf spider zombie but do no damage.
You hit the tengu warrior.
The tengu warrior is heavily wounded.
You feel sick.
The centaur warrior completely misses you.
The wolf spider zombie hits you.
* * * LOW HITPOINT WARNING * * *
You block the wolf spider zombie's attack.
The centaur warrior closely misses you. The wolf spider zombie hits you!
* * * LOW HITPOINT WARNING * * *
The wolf spider zombie bites you.
* * * LOW HITPOINT WARNING * * *
You barely miss the tengu conjurer.
The tengu conjurer is almost dead.
You slice the wolf spider zombie!! You slash the centaur warrior!
The centaur warrior is almost dead.
* * * LOW HITPOINT WARNING * * *
You feel sick. You block the centaur warrior's attack.
The wolf spider zombie hits you!
You die...

.. #........
...##.##........
................
#...#..........
#.#...........
#...#......
#..#.Q..# {
#ZQc#.# .
..#.@#..# ..
...###...# ...
..#...#).###....
.#.....#........
#.........######
.#.....#..#
..#...#...#
...###....#
..#..#...#


You could see a tengu warrior, a centaur warrior, a tengu conjurer and a wolf
spider zombie.

Vanquished Creatures
  A tengu warrior (D:11)
  An unseen horror (D:11)
  A hill giant (D:10)
  An ugly thing (D:10)
  A cyclops (D:11)
  A troll (D:10)
  11 yaks
  A wyvern (D:9)
  2 hippogriffs
  A hungry ghost (D:7)
  Grum (D:10)
  2 steam dragons
  2 wolves (D:10)
  Duvessa (D:4)
  4 phantoms
  An eye of draining (D:9)
  A black bear (D:8)
  2 sky beasts
  4 orc warriors
  2 necrophages
  3 ice beasts
  8 centaurs
  2 ogres
  2 big kobolds
  Blork the orc (D:6)
  6 giant frogs
  3 scorpions
  Dowan (D:4)
  9 killer bees
  4 wights (D:7)
  6 crimson imps
  5 hounds
  A jelly (D:5)
  A quasit (D:9)
  A giant frog skeleton (D:11)
  Ijyb (D:4)
  Jessica (D:2)
  5 orc priests
  5 iguanas
  2 gnoll shamans (D:7)
  7 orc wizards
  9 worker ants
  A hound skeleton (D:8)
  A worker ant zombie (D:8)
  14 gnolls
  15 adders
  2 shadow imps
  3 worms
  50 orcs
  14 giant cockroaches
  10 goblins
  9 hobgoblins
  13 jackals
  10 kobolds
  5 quokkas
  2 ball pythons
  9 bats
  6 giant geckos (D:6)
  A giant gecko zombie (D:7)
  7 giant newts
  A jackal skeleton (D:4)
  A quokka skeleton (D:6)
  6 rats
304 creatures vanquished.

Notes
Turn   | Place    | Note
--------------------------------------------------------------
     0 | D:1      | Proton the Formicid Fighter began the quest for the Orb.
     0 | D:1      | Reached XP level 1. HP: 18/18 MP: 1/1
   113 | D:1      | Reached XP level 2. HP: 17/24 MP: 2/2
   612 | D:2      | Reached XP level 3. HP: 28/30 MP: 3/3
   808 | D:2      | Reached skill level 4 in Fighting
   843 | D:2      | Found a faded altar to an unknown god.
   861 | D:2      | Reached XP level 4. HP: 29/37 MP: 4/4
   956 | D:2      | Noticed Jessica
   962 | D:2      | Killed Jessica
  1173 | D:2      | Found a bloodstained altar of Trog.
  1180 | D:2      | Reached XP level 5. HP: 40/42 MP: 5/5
  1373 | D:3      | Found a shattered altar of Ashenzari.
  1423 | D:3      | Reached skill level 1 in Dodging
  1528 | D:3      | Reached XP level 6. HP: 28/49 MP: 6/6
  1992 | D:4      | Noticed Ijyb
  2009 | D:4      | Killed Ijyb
  2202 | D:4      | Found a glowing silver altar of Zin.
  2276 | D:4      | Noticed Dowan
  2287 | D:4      | Noticed Duvessa
  2295 | D:4      | Killed Dowan
  2295 | D:4      | Reached skill level 5 in Shields
  2295 | D:4      | Reached XP level 7. HP: 34/55 MP: 7/7
  2588 | D:4      | Killed Duvessa
  2608 | D:4      | Found a sparkling altar of Nemelex Xobeh.
  2979 | D:5      | Entered Level 5 of the Dungeon
  2994 | D:5      | Reached skill level 5 in Fighting
  3165 | D:5      | Reached skill level 5 in Armour
  3165 | D:5      | Reached XP level 8. HP: 55/62 MP: 8/8
  3394 | D:5      | Found Haroll's Armour Shoppe.
  3471 | D:5      | Reached skill level 5 in Axes
  4136 | D:6      | Reached skill level 6 in Shields
  4190 | D:6      | Found Luziany's Food Emporium.
  4192 | D:6      | Noticed Blork the orc
  4201 | D:6      | Killed Blork the orc
  4246 | D:6      | Reached XP level 9. HP: 46/69 MP: 9/9
  5004 | D:6      | Reached skill level 7 in Axes
  5059 | D:6      | Found an ancient bone altar of Kikubaaqudgha.
  5142 | D:7      | Found a shadowy altar of Dithmenos.
  5185 | D:7      | Found Aquwkax's General Store.
  5238 | D:7      | Bought a scroll of magic mapping for 38 gold pieces
  5245 | D:7      | Found a staircase to the Ecumenical Temple.
  5257 | Temple   | Entered the Ecumenical Temple
  5449 | Temple   | Became a worshipper of Cheibriados the Contemplative
  5675 | D:7      | Reached skill level 5 in Dodging
  5675 | D:7      | Reached XP level 10. HP: 71/77 MP: 10/10
  5813 | D:7      | Reached * piety under Cheibriados
  6208 | D:7      | Reached skill level 1 in Invocations
  6456 | D:8      | Reached skill level 8 in Axes
  6471 | D:8      | HP: 3/79 [poisoned by a killer bee]
  6476 | D:8      | HP: 2/79 [poisoned by a killer bee]
  6483 | D:8      | HP: 2/79 [poisoned by a killer bee]
  6491 | D:8      | HP: 2/79 [poisoned by a killer bee]
  6497 | D:8      | HP: 2/79 [poisoned by a killer bee]
  6503 | D:8      | HP: 3/79 [poisoned by a killer bee]
  6509 | D:8      | HP: 3/79 [poisoned by a killer bee]
  6906 | D:8      | Found a sacrificial altar of Ru.
  7190 | D:8      | Gained mutation: You have sharp fingernails. [potion of mutation]
  7190 | D:8      | Gained mutation: You are frail (-10% HP). [potion of mutation]
  7190 | D:8      | Gained mutation: You regenerate slowly when monsters are visible. [potion of mutation]
  7206 | D:8      | Reached ** piety under Cheibriados
  7290 | D:8      | Found a staircase to the Lair.
  7927 | D:9      | Found Komy's Magic Scroll Shoppe.
  7983 | D:9      | Reached XP level 11. HP: 69/77 MP: 13/13
  8207 | D:9      | Reached *** piety under Cheibriados
  8432 | D:9      | Found an iron altar of Okawaru.
  8864 | D:10     | Entered Level 10 of the Dungeon
  8940 | D:10     | Noticed a hill giant
  8952 | D:10     | Killed a hill giant
  8959 | D:10     | Gained mutation: You can spit weak poison. [mutagenic meat]
  8960 | D:10     | Gained mutation: You expend magic power (3 MP) to strengthen your wands. [mutagenic meat]
  8961 | D:10     | Gained mutation: You are agile. (Dex +2) [mutagenic meat]
  8974 | D:10     | Noticed Grum
  9013 | D:10     | Killed Grum
  9013 | D:10     | Reached skill level 9 in Shields
  9835 | D:11     | Noticed an unseen horror
  9836 | D:11     | Noticed a green ugly thing
  9883 | D:10     | Reached **** piety under Cheibriados
  9895 | D:10     | Killed a green ugly thing
  9895 | D:10     | Reached skill level 5 in Invocations
  9899 | D:10     | Gained mutation: Armour fits poorly on your strangely shaped body. [mutagenic meat]
  9900 | D:10     | Gained mutation: Scrolls take you a little longer to read. [mutagenic meat]
  9901 | D:10     | Gained mutation: Scrolls take you longer to read. [mutagenic meat]
 10321 | D:11     | Killed an unseen horror
 10555 | D:11     | Noticed a tengu warrior
 10580 | D:11     | Killed a tengu warrior
 10837 | D:11     | Noticed a cyclops
 10852 | D:11     | HP: 2/78 [cyclops (28)]
 10853 | D:11     | Killed a cyclops
 10858 | D:11     | HP: 2/80 [crimson imp (1)]
 10859 | D:11     | You fall through a shaft for 2 floors!
 10859 | D:13     | Noticed Sonja
 10863 | D:13     | You fall through a shaft for 2 floors!
 10863 | D:15     | Entered Level 15 of the Dungeon
 11218 | D:15     | Noticed a centaur warrior
 11220 | D:15     | Noticed a tengu warrior
 11225 | D:15     | Slain by a wolf spider zombie

Vault maps used:
D:1:      lightli_arrival_chessboard, minmay_misc_feat_ornament
D:2:      ecumenical_altar_2, trog_three_pillars_becter, uniq_jessica
D:3:      ashenzari_altar_1
D:4:      kennysheep_goblin_castle, kennysheep_mini, zin_academy, first_bread,
          uniq_duvessa
D:5:      serial_shops, nicolae_shop_statue_plus
D:6:      kennysheep_little_box, serial_shops, shop, hangedman_decor_growths,
          minmay_lizard_king, uniq_blork_the_orc
D:7:      overflow_temple_1_default, minmay_temple_entry_glassed_door,
          serial_shops, shop
D:8:      lemuel_doored_altar, lair_0_dummy, serial_bayou_lagoon_a
D:9:      nicolae_overflow_crystal_walls, serial_shops, shop
D:10:     uniq_grum
D:11:     erik_orc_1, grunt_tengu_nest
D:13:     david_vaults_3, nicolae_trove_entry_free_sample, serial_bayou_pond_a,
          minivault_16, uniq_sonja
D:15:     grunt_enter_depths_giant_problem, minmay_splitting_lines,
          grunt_ministairs_11, uniq_nessos
Temple:   dpeg_five_rooms_temple_12

Action                   |  1- 3 |  4- 6 |  7- 9 | 10-12 || total
-------------------------+-------+-------+-------+-------++-------
Melee: War axe           |    99 |   164 |   439 |   471 ||  1173
       Battleaxe         |       |       |       |    14 ||    14
Invok: Bend Time         |       |       |       |     4 ||     4
       Slouch            |       |       |       |     1 ||     1
 Abil: Spit Poison       |       |       |       |     5 ||     5
       Shaft Self        |       |       |       |     2 ||     2
       Dig               |       |       |       |     1 ||     1
  Use: Scroll            |       |       |       |    10 ||    10
       Potion            |       |       |       |     3 ||     3
 Stab: Sleeping          |       |       |       |     1 ||     1
  Eat: Bread ration      |       |     1 |     3 |     1 ||     5
       Royal jelly       |       |       |     1 |     1 ||     2
       Meat ration       |       |       |     1 |     1 ||     2
       Fruit             |       |       |     1 |       ||     1
       Chunk             |       |       |       |     6 ||     6
